Map: Hard Lead LE

Players

SKillous

  • Race: Protoss Protoss
  • Spawn Location: 11:00

SHIN - Winner!

  • Race: Zerg Zerg
  • Spawn Location: 5:00

Event: ESL SC2 Masters 2023 Winter (Finals)

VOD

Have the link to the VOD?

Description

Time

  • Played on: Dec. 15, 2023, 12:38 p.m.
  • Length: 25:36

All games in this series

Show
View Real Time Build Order
Export as new Build Order

SKillous Protoss 

Build Orders: 1 Gate Expand, Oracle Opening, Carriers 

Get SALT Encoding   

  12  0:00  Probe  
  13  0:12  Probe  
  14  0:20  Pylon  
  14  0:24  Probe  
  15  0:38  Probe (Chrono Boost)  
  15  0:41  Gateway  
  16  0:47  Probe (Chrono Boost)  
  17  0:50  Assimilator  
  17  0:52  Probe (Chrono Boost)  
  18  1:04  Probe  
  19  1:16  Probe  
  20  1:26  Nexus  
  20  1:37  Cybernetics Core  
  20  1:40  Probe  
  20  1:45  Assimilator  
  21  1:52  Probe  
  22  1:55  Pylon  
  22  2:04  Probe  
  23  2:10  Adept (Chrono Boost)  
  25  2:16  Probe  
  25  2:19  Stargate  
  26  2:29  Probe (Chrono Boost), Warp Gate  
  27  2:33  Adept  
  29  2:38  Probe (Chrono Boost)  
  31  2:46  Pylon, Probe (Chrono Boost)  
  31  2:48  Probe (Chrono Boost)  
  32  2:53  Probe (Chrono Boost)  
  32  2:54  Probe  
  34  3:00  Oracle (Chrono Boost)  
  34  3:05  Probe  
  38  3:06  Zealot, Probe  
  38  3:12  Pylon  
  41  3:18  Probe  
  42  3:21  Gateway  
  42  3:24  Probe  
  43  3:28  Oracle (Chrono Boost)  
  43  3:30  Probe  
  47  3:38  Probe  
  48  3:43  Pylon  
  49  3:50  Probe x2 (Chrono Boost)  
  50  3:55  Nexus  
  50  3:59  Probe (Chrono Boost)  
  50  4:01  Probe (Chrono Boost)  
  52  4:04  Oracle  
  52  4:05  Probe  
  52  4:09  Assimilator  
  56  4:12  Assimilator  
  56  4:16  Probe (Chrono Boost)  
  57  4:18  Probe (Chrono Boost)  
  57  4:20  Pylon  
  58  4:27  Probe (Chrono Boost)  
  58  4:28  Twilight Council, Probe (Chrono Boost)  
  58  4:31  Forge  
  60  4:33  Probe  
  60  4:37  Probe  
  62  4:45  Shield Battery, Probe  
  63  4:49  Probe  
  64  4:55  Gateway  
  64  4:57  Probe (Chrono Boost)  
  64  4:58  Charge  
  65  5:00  Protoss Ground Weapons Level 1 (Chrono Boost)  
  65  5:01  Gateway  
  65  5:05  Probe (Chrono Boost)  
  62  5:09  Probe (Chrono Boost)  
  62  5:10  Templar Archives  
  62  5:11  Probe (Chrono Boost)  
  65  5:14  Adept  
  65  5:18  Probe (Chrono Boost)  
  65  5:19  Probe (Chrono Boost)  
  65  5:20  Probe (Chrono Boost)  
  69  5:27  Probe x2 (Chrono Boost)  
  71  5:30  Probe (Chrono Boost)  
  71  5:32  Stalker  
  74  5:37  Pylon x2  
  74  5:38  Assimilator  
  74  5:40  Assimilator, Stalker  
  74  5:42  Probe x2 (Chrono Boost)  
  79  5:43  Probe (Chrono Boost)  
  79  5:47  Probe (Chrono Boost)  
  79  5:49  Probe  
  81  5:51  Probe  
  81  5:54  Psionic Storm  
  81  5:56  Pylon  
  82  5:59  Probe  
  82  6:01  Probe  
  82  6:03  Probe  
  85  6:05  Pylon  
  85  6:07  Zealot x4  
  93  6:11  Pylon  
  93  6:12  Probe  
  93  6:17  Pylon  
  94  6:26  Nexus  
  94  6:29  Pylon  
  94  6:31  Zealot x4  
  102  6:34  Probe  
  102  6:38  Probe x2  
  105  6:41  Protoss Ground Weapons Level 2 (Chrono Boost)  
  105  6:46  Gateway, Probe  
  106  6:47  Gateway  
  106  6:50  Probe  
  106  6:52  High Templar x4  
  106  6:53  Shield Battery  
  115  6:55  Probe  
  115  6:58  Probe  
  115  7:00  Assimilator  
  117  7:02  Probe  
  117  7:05  Assimilator  
  117  7:07  Gateway x2  
  118  7:17  Gateway  
  118  7:23  Pylon  
  118  7:24  High Templar x4  
  118  7:25  Probe  
  118  7:29  Probe  
  128  7:32  Shield Battery  
  128  7:34  Photon Cannon  
  128  7:35  Photon Cannon, Probe  
  129  7:37  Pylon  
  129  7:38  Probe  
  129  7:42  Phoenix (Chrono Boost)  
  132  7:46  Probe  
  125  7:52  Gateway  
  125  7:53  Gateway, High Templar  
  125  7:54  High Templar  
  125  7:57  High Templar x2  
  130  8:00  Archon, Pylon  
  130  8:03  Photon Cannon  
  120  8:06  Photon Cannon  
  120  8:08  Gateway  
  120  8:10  Gateway, Archon  
  120  8:11  Photon Cannon  
  120  8:13  Shield Battery  
  120  8:17  High Templar  
  120  8:18  High Templar  
  120  8:19  Zealot x3, Photon Cannon  
  130  8:21  Shield Battery  
  130  8:23  Photon Cannon, Shield Battery  
  130  8:26  Pylon  
  130  8:27  Photon Cannon  
  130  8:32  Fleet Beacon  
  130  8:33  Stargate  
  130  8:36  Zealot x2  
  134  8:41  Photon Cannon  
  134  8:43  Protoss Air Weapons Level 1 (Chrono Boost)  
  134  8:48  Zealot x5  
  144  8:50  Archon  
  144  8:54  Zealot x3  
  150  8:58  Probe  
  145  9:04  Shield Battery  
  145  9:08  Zealot x6  
  145  9:09  Probe  
  148  9:14  Zealot x2  
  148  9:16  Zealot  
  144  9:19  Zealot x2  
  144  9:21  Zealot  
  146  9:29  High Templar x3  
  146  9:30  High Templar x2  
  156  9:33  High Templar  
  156  9:34  Archon x2  
  156  9:35  High Templar x2  
  156  9:36  High Templar  
  164  9:41  Pylon  
  164  9:42  Gateway  
  164  9:43  Photon Cannon, Archon  
  164  9:44  Photon Cannon  
  162  9:46  Photon Cannon  
  162  9:47  Carrier (Chrono Boost)  
  168  9:57  Archon  
  143  10:17  Zealot  
  143  10:18  Zealot x5  
  143  10:19  Archon  
  139  10:27  Pylon  
  139  10:29  Nexus  
  139  10:32  Pylon  
  139  10:33  Protoss Air Weapons Level 2 (Chrono Boost)  
  139  10:43  Pylon  
  139  10:44  Carrier (Chrono Boost)  
  139  10:45  Carrier (Chrono Boost)  
  139  10:46  Shield Battery  
  149  10:51  High Templar x3  
  149  10:53  Zealot  
  149  10:56  Shield Battery  
  155  10:58  Assimilator  
  155  11:02  Assimilator  
  155  11:05  Zealot x4  
  157  11:14  Photon Cannon  
  157  11:16  Gateway  
  157  11:20  Zealot  
  157  11:24  Robotics Facility  
  159  11:25  Protoss Shields Level 1 (Chrono Boost)  
  159  11:39  Carrier (Chrono Boost)  
  163  11:40  Carrier (Chrono Boost)  
  163  11:43  Pylon  
  169  11:59  Pylon  
  169  12:00  High Templar x2  
  171  12:05  Archon  
  170  12:12  Photon Cannon  
  170  12:13  Observer (Chrono Boost)  
  171  12:22  Nexus  
  171  12:23  Pylon  
  171  12:25  Pylon  
  169  12:30  Warp Prism (Chrono Boost)  
  169  12:31  Photon Cannon  
  169  12:36  High Templar x2  
  175  12:41  Archon  
  175  12:43  Shield Battery  
  181  12:45  Carrier (Chrono Boost), Photon Cannon  
  187  12:56  Carrier (Chrono Boost)  
  187  12:59  Protoss Air Weapons Level 3  
  187  13:03  Zealot, Pylon  
  187  13:05  Assimilator  
  187  13:10  Assimilator, Stargate  
  187  13:17  Shield Battery  
  187  13:20  Photon Cannon  
  187  13:22  Photon Cannon  
  185  13:28  Zealot x4  
  185  13:34  Carrier (Chrono Boost)  
  191  13:39  Photon Cannon  
  197  13:41  Photon Cannon  
  197  13:43  Photon Cannon  
  193  13:57  Stalker x4  
  199  14:07  Zealot  
  199  14:18  Photon Cannon  
  199  14:20  Photon Cannon  
  199  14:22  Carrier (Chrono Boost), Pylon  
  199  14:23  Oracle (Chrono Boost)  
  181  14:29  Protoss Shields Level 2  
  188  14:44  Void Ray  
  184  14:57  Nexus  
  184  14:59  Observer, Void Ray  
  189  15:03  Pylon  
  184  15:22  Observer  
  176  15:30  Zealot x9  
  178  15:43  Void Ray  
  178  15:44  Observer  
  178  15:48  Probe  
  170  15:57  Assimilator  
  170  15:58  High Templar x8  
  170  15:59  High Templar x2, Assimilator  
  190  16:05  Archon x2  
  190  16:10  Archon x2  
  188  16:12  Archon  
  188  16:14  Probe  
  188  16:15  Photon Cannon  
  188  16:17  Photon Cannon, Shield Battery  
  174  16:33  Probe  
  174  16:34  Probe x2  
  174  16:38  Probe x2  
  187  16:42  Carrier (Chrono Boost)  
  191  16:52  Carrier (Chrono Boost)  
  191  16:54  Protoss Shields Level 3 (Chrono Boost)  
  191  17:00  Probe x2  
  196  17:03  Oracle (Chrono Boost), Protoss Air Armor Level 1  
  196  17:07  Assimilator  
  196  17:09  Pylon  
  194  17:22  Pylon  
  194  17:24  Photon Cannon  
  194  17:42  Nexus  
  170  18:06  Zealot x8  
  159  18:40  Pylon  
  157  18:41  High Templar  
  157  18:42  High Templar x9  
  157  18:46  Archon x3  
  157  18:47  Archon  
  155  19:02  Immortal (Chrono Boost)  
  155  19:03  Nexus  
  155  19:05  Pylon  
  159  19:10  Robotics Facility  
  159  19:11  Robotics Facility  
  159  19:12  Robotics Facility  
  159  19:14  High Templar x6  
  159  19:15  Zealot x4  
  179  19:19  Archon x2  
  175  19:35  Observer  
  174  19:45  Assimilator, Photon Cannon  
  168  19:46  Assimilator  
  168  19:47  Shield Battery  
  168  19:49  Photon Cannon  
  178  19:54  Zealot x2  
  178  19:58  Assimilator  
  174  20:13  Immortal x2 (Chrono Boost)  
  173  20:14  Immortal (Chrono Boost)  
  173  20:20  Protoss Ground Weapons Level 3 (Chrono Boost)  
  176  20:25  Immortal (Chrono Boost)  
  172  20:36  Pylon  
  172  20:45  Observer (Chrono Boost), Immortal (Chrono Boost)  
  172  20:47  Immortal (Chrono Boost)  
  181  20:53  Zealot x3, Immortal (Chrono Boost)  
  191  21:02  Zealot x4  
  199  21:08  Protoss Air Armor Level 2  
  199  21:13  Photon Cannon  
  179  21:25  Immortal x2  
  169  21:33  Zealot  
  169  21:37  Oracle  
  123  22:00  Nexus  
  123  22:12  Observer x2  
  114  22:57  Nexus  
  107  23:06  High Templar  
  109  23:16  Observer, High Templar  
  111  23:33  High Templar x4  
  121  23:56  Probe x2  
  123  24:07  High Templar x2  
  126  24:11  Probe  
  118  24:28  Tempest  
  119  24:37  Observer (Chrono Boost)  
  121  24:44  Observer (Chrono Boost)  
  107  25:16  Assimilator  
Show
View Real Time Build Order
Export as new Build Order

SHIN Zerg - Winner!

Build Orders: Hatch First, Lurkers 

Get SALT Encoding   

  12  0:00  Drone  
  13  0:08  Drone  
  14  0:16  Overlord  
  14  0:34  Drone x2  
  16  0:43  Drone  
  17  0:52  Hatchery  
  17  0:54  Drone  
  17  0:57  Extractor  
  17  0:59  Drone  
  17  1:13  Spawning Pool  
  17  1:15  Drone  
  17  1:19  Drone  
  18  1:29  Drone  
  19  1:39  Drone  
  20  1:49  Drone  
  21  2:02  Metabolic Boost  
  21  2:03  Zergling x2, Queen  
  21  2:04  Queen  
  21  2:06  Zergling x2  
  27  2:13  Overlord  
  27  2:16  Drone  
  28  2:33  Drone x3  
  31  2:40  Drone  
  32  2:45  Drone  
  33  2:52  Zergling x2  
  33  2:55  Overlord  
  33  2:59  Drone, Hatchery  
  33  3:00  Queen  
  33  3:04  Overlord  
  35  3:09  Overlord  
  35  3:15  Drone x4  
  35  3:17  Drone  
  35  3:19  Drone  
  41  3:23  Spore Crawler  
  41  3:24  Drone  
  41  3:27  Drone  
  41  3:30  Spore Crawler  
  41  3:32  Drone  
  42  3:34  Drone  
  42  3:38  Queen  
  45  3:42  Overlord  
  45  3:47  Drone x3  
  48  3:50  Drone  
  48  3:53  Queen  
  51  3:56  Drone  
  52  4:04  Drone x2  
  54  4:11  Drone x4, Queen  
  54  4:12  Drone  
  61  4:18  Drone  
  61  4:21  Drone x2  
  61  4:23  Evolution Chamber  
  61  4:29  Drone  
  61  4:31  Drone  
  62  4:32  Drone  
  62  4:33  Extractor  
  62  4:37  Queen  
  64  4:39  Overlord  
  64  4:42  Zergling x2  
  64  4:45  Zergling x2  
  66  4:47  Zergling x2  
  66  4:48  Zerg Melee Weapons Level 1, Drone x5  
  72  4:55  Drone x3  
  72  4:56  Drone  
  72  5:01  Drone x2  
  72  5:02  Drone  
  72  5:06  Drone  
  75  5:11  Drone  
  75  5:12  Lair  
  75  5:13  Drone  
  77  5:17  Drone x3  
  77  5:18  Extractor  
  77  5:19  Hatchery  
  78  5:22  Zergling x4  
  78  5:28  Zergling x4  
  81  5:33  Spore Crawler  
  81  5:34  Zergling x2  
  81  5:35  Overlord x3  
  81  5:40  Extractor  
  81  5:41  Drone  
  81  5:43  Baneling Nest  
  81  5:44  Overlord  
  81  5:47  Drone  
  81  5:51  Overlord x2  
  81  5:54  Drone x5  
  81  5:56  Extractor  
  85  5:58  Zergling x2  
  85  6:01  Zergling x2  
  85  6:04  Zergling x6  
  89  6:08  Zergling x2  
  90  6:13  Drone x4  
  90  6:14  Hydralisk Den  
  90  6:16  Extractor  
  90  6:17  Zergling x2  
  93  6:21  Zergling x4  
  93  6:23  Overlord  
  93  6:24  Zergling x4  
  95  6:29  Zergling x2  
  95  6:31  Overlord  
  97  6:32  Zergling x2  
  97  6:33  Zergling x6  
  97  6:36  Overlord  
  97  6:39  Zergling x2  
  101  6:42  Zergling x10  
  101  6:45  Baneling x2  
  101  6:46  Grooved Spines  
  106  6:48  Hydralisk  
  106  6:50  Hydralisk x4  
  116  6:55  Zerg Melee Weapons Level 2, Centrifugal Hooks  
  116  6:56  Hydralisk x2  
  116  7:01  Drone x4  
  123  7:05  Overseer, Hydralisk  
  123  7:06  Hydralisk x2  
  128  7:10  Drone  
  128  7:11  Drone x3  
  128  7:14  Drone x2  
  130  7:19  Drone x4  
  134  7:25  Hydralisk  
  134  7:26  Zergling x4  
  134  7:28  Pneumatized Carapace  
  138  7:30  Overlord, Hatchery  
  138  7:33  Zergling x8  
  138  7:37  Muscular Augments  
  140  7:39  Drone x5  
  140  7:41  Overseer  
  145  7:46  Hydralisk  
  145  7:47  Zergling x10  
  151  7:52  Overlord x3  
  151  7:58  Hydralisk  
  151  7:59  Zergling x8  
  152  8:06  Zergling x8  
  152  8:07  Zergling x2  
  152  8:11  Hydralisk  
  152  8:12  Zergling x8  
  163  8:14  Baneling x5  
  163  8:15  Baneling x13  
  163  8:19  Zergling x10  
  168  8:25  Hydralisk, Overlord  
  168  8:26  Zergling x8  
  174  8:28  Overlord  
  174  8:29  Overlord  
  174  8:31  Baneling x6  
  174  8:32  Baneling  
  174  8:35  Zergling x2  
  174  8:36  Zergling x2  
  174  8:37  Overlord x2  
  174  8:38  Overlord  
  174  8:39  Overlord  
  175  8:41  Overlord  
  175  8:48  Zergling x14  
  176  8:52  Hydralisk x3  
  174  8:57  Zergling x2, Hydralisk  
  174  8:58  Zergling x6  
  175  9:04  Zergling x12  
  175  9:07  Hydralisk  
  175  9:08  Zergling x8  
  176  9:13  Hydralisk  
  176  9:14  Zergling x6  
  176  9:15  Hydralisk  
  171  9:21  Zergling x10  
  173  9:25  Baneling  
  173  9:26  Baneling x12  
  173  9:29  Hydralisk x2  
  176  9:32  Overseer  
  176  9:34  Baneling x6  
  176  9:35  Baneling x3  
  176  9:37  Hydralisk  
  176  9:38  Zergling x8  
  180  9:41  Baneling x2  
  180  9:42  Baneling x9  
  180  9:43  Baneling  
  182  9:46  Baneling  
  182  9:47  Baneling x2  
  182  9:49  Zergling x2  
  182  9:50  Zergling x12  
  182  9:51  Baneling x3  
  189  9:54  Baneling  
  189  9:59  Zergling x20  
  193  10:06  Zergling x16  
  182  10:09  Zergling x8  
  182  10:15  Zergling x14  
  182  10:19  Zerg Missile Weapons Level 1  
  182  10:21  Lurker Den  
  181  10:22  Zergling x10  
  181  10:23  Zergling x2  
  181  10:25  Drone x3  
  190  10:33  Zergling x2, Overseer  
  190  10:34  Zergling x12  
  197  10:38  Infestation Pit, Overlord  
  196  10:43  Extractor  
  196  10:47  Extractor, Baneling x8  
  196  10:48  Baneling x3  
  194  10:53  Drone, Spore Crawler  
  194  10:54  Drone x3  
  194  10:55  Extractor x2  
  195  11:01  Zergling x16  
  194  11:18  Drone x2  
  191  11:21  Hive  
  191  11:22  Lurker x7  
  198  11:28  Lurker  
  198  11:29  Lurker  
  198  11:30  Spore Crawler x2  
  198  11:31  Spore Crawler  
  198  11:32  Spore Crawler x2  
  195  11:33  Drone  
  195  11:34  Drone x4  
  195  11:35  Spore Crawler  
  195  11:37  Spore Crawler, Spire  
  196  11:40  Evolution Chamber  
  196  11:43  Lurker x2  
  196  12:02  Hatchery  
  196  12:07  Zerg Ground Armor Level 1  
  188  12:10  Spore Crawler x2  
  188  12:12  Drone x5  
  189  12:19  Zerg Missile Weapons Level 2  
  189  12:25  Overseer  
  189  12:32  Spore Crawler  
  187  12:38  Viper x2, Spore Crawler x2  
  187  12:39  Spore Crawler x2  
  187  12:40  Adaptive Talons  
  183  13:01  Zerg Flyer Weapons Level 1  
  183  13:02  Corruptor x8  
  199  13:16  Spine Crawler x2  
  196  13:32  Corruptor x2  
  199  13:37  Seismic Spines  
  199  13:46  Corruptor  
  199  13:47  Corruptor x3  
  196  13:58  Corruptor x7  
  196  14:01  Extractor x2  
  195  14:03  Zerg Ground Armor Level 2  
  195  14:06  Corruptor x2  
  195  14:07  Overseer  
  199  14:27  Lurker  
  200  14:33  Spore Crawler  
  200  14:34  Spine Crawler x2  
  197  14:39  Zerg Missile Weapons Level 3  
  197  14:42  Corruptor  
  199  14:59  Lurker  
  200  15:12  Overlord  
  190  15:36  Viper x3  
  177  15:45  Hydralisk  
  177  15:47  Hydralisk  
  177  15:48  Zergling x38  
  200  15:56  Spore Crawler x2  
  198  15:57  Spore Crawler x2  
  198  15:58  Zergling x8, Hydralisk  
  198  15:59  Zergling x12, Spore Crawler  
  198  16:00  Lurker  
  200  16:16  Hydralisk x3  
  199  16:23  Hydralisk x8  
  195  16:30  Drone x4  
  195  16:45  Lurker x4  
  199  16:56  Zerg Flyer Weapons Level 2  
  199  16:58  Zerg Ground Armor Level 3, Spire  
  199  17:01  Spore Crawler x2  
  197  17:02  Lurker x4, Spore Crawler  
  197  17:03  Lurker, Spore Crawler  
  198  17:28  Overseer x3  
  198  17:32  Lurker x2  
  162  18:07  Corruptor x7  
  199  18:17  Hydralisk x3  
  199  18:18  Hydralisk x8  
  197  18:25  Hydralisk x8  
  186  18:41  Corruptor x8  
  186  18:47  Zerg Flyer Armor Level 1  
  186  18:50  Drone x4  
  186  18:55  Drone x3  
  185  19:02  Hydralisk x2  
  185  19:06  Zergling x2  
  185  19:09  Hydralisk  
  189  19:13  Zergling x4  
  191  19:20  Hydralisk  
  191  19:21  Zergling x2  
  194  19:25  Zergling x4  
  194  19:28  Hydralisk  
  194  19:29  Zergling x2  
  200  19:31  Zergling x2  
  200  19:38  Hydralisk  
  198  19:39  Zergling x4  
  188  20:03  Overlord x3, Hatchery  
  180  20:34  Lurker  
  180  20:35  Lurker x7  
  188  20:52  Zergling x20, Hydralisk  
  200  21:01  Spore Crawler  
  200  21:02  Overseer  
  200  21:04  Spore Crawler x2  
  196  21:09  Zergling x12  
  193  21:35  Hydralisk x5  
  193  21:36  Hydralisk  
  193  21:37  Hydralisk  
  198  21:43  Hydralisk  
  198  21:44  Zergling x6  
  198  21:46  Zergling x2  
  166  21:48  Zergling x2  
  166  21:49  Zergling x2  
  143  21:58  Greater Spire  
  143  22:03  Lurker  
  143  22:06  Lurker x5  
  147  22:09  Hydralisk x2  
  147  22:13  Extractor  
  147  22:15  Extractor  
  145  22:41  Hatchery  
  144  23:27  Brood Lord x7  
  144  23:30  Brood Lord, Hatchery  
  158  23:43  Brood Lord  
  160  23:58  Brood Lord  
  160  24:43  Hatchery  
  155  24:56  Hydralisk x3  
  155  25:18  Zergling x22  
Tags
 
Add a new tag
Caveats
  • Supply blocks, unpowered buildings, or Contaminate may cause inaccurate times.
  • Supply counts are checked every 10 seconds.